 Dungeon Crawl Stone Soup version 0.28-a0-1199-gef9e1dbd39 (webtiles) character file.

Game seed: 1243409784928167480

31868 DoubleLucky the Summoner (level 13, -3/80 HPs)
             Began as a Tengu Summoner on Dec 19, 2021.
             Was a High Priest of Makhleb.
             Slain by Jorgrun (13 damage)
             ... on level 14 of the Dungeon.
             The game lasted 02:17:50 (20254 turns).

DoubleLucky the Summoner (Tengu Summoner)          Turns: 20254, Time: 02:17:50

Health: -3/80      AC: 11    Str: 12    XL:     13   Next: 60%
Magic:  32/36      EV:  5    Int: 18    God:    Makhleb [*****.]
Gold:   1261       SH:  5    Dex: 14    Spells: 17/30 levels left

rFire   . . .      SeeInvis .   n - +3 glaive "Juaneddi" {venom, rN++}
rCold   + . .      Faith    .   (shield currently unavailable)
rNeg    + + .      Spirit   .   x - +2 steam dragon scales
rPois   .          Reflect  +   (helmet restricted)
rElec   .          Harm     .   D - +1 cloak {Stlth+}
rCorr   .          Rampage  .   l - +0 pair of gloves
Will    +....                   (boots unavailable)
Stlth   +++.......              o - amulet "Hetefeg" {Reflect Slay+2 SH+5}
HPRegen 0.23/turn               b - ring of Twilight {rC+ Will+}
MPRegen 0.25/turn               O - ring of magical power

@: petrifying, grasped by roots, flying quickly and evasively, slowed,
constricted, very slow
A: beak, talons 3, nimble flight
a: Renounce Religion, Minor Destruction, Lesser Servant of Makhleb, Major
Destruction, Greater Servant of Makhleb


You were on level 14 of the Dungeon.
You worshipped Makhleb.
Makhleb was extremely pleased with you.
You visited 2 branches of the dungeon, and saw 15 of its levels.
You also visited: Sewer.

You collected 1471 gold pieces.
You spent 210 gold pieces at shops.

Inventory:

Hand Weapons
 j - a +0 dagger
 n - the +3 glaive "Juaneddi" (weapon) {venom, rN++}
   (You acquired it on level 3 of the Dungeon)

   It poisons the flesh of those it strikes.
   rN:        It greatly protects you from negative energy.
 u - a +0 whip of electrocution
 y - the +8 scimitar of the End of Times {vamp, Will- Int+2 SInv}
   (You found it on level 5 of the Dungeon)

   It occasionally heals its wielder for a portion of the damage dealt when it
   wounds a living foe.
   Int:       It affects your intelligence (+2).
   SInv:      It lets you see invisible.
   Will:      It decreases your willpower.
Missiles
 c - 514 stones
 d - 9 boomerangs
 s - 15 poisoned darts
 E - 2 throwing nets
 R - a curare-tipped dart
Armour
 i - a +2 leather armour of fire resistance
 l - a +0 pair of gloves (worn)
 x - +2 steam dragon scales (worn)
 A - a +2 ring mail of fire resistance
 D - a +1 cloak of stealth (worn)
Jewellery
 b - the ring of Twilight (left hand) {rC+ Will+}
   (You acquired it on level 5 of the Dungeon)

   [ring of protection from cold]

   rC:        It protects you from cold.
   Will:      It increases your willpower.
 o - the amulet "Hetefeg" (around neck) {Reflect Slay+2 SH+5}
   (You acquired it on level 3 of the Dungeon)

   [amulet of reflection]

   It reflects blocked missile attacks.
   Slay:      It affects your accuracy & damage with ranged weapons and melee
   (+2).
   SH:        It affects your SH (+5).
 O - a ring of magical power (right hand)
 T - an amulet of the acrobat
 U - the ring "Lycludics" {rPois rC+ Will- AC+4 Dex+8}
   (You found it on level 9 of the Dungeon)

   [ring of protection]

   AC:        It affects your AC (+4).
   Dex:       It affects your dexterity (+8).
   rC:        It protects you from cold.
   rPois:     It protects you from poison.
   Will:      It decreases your willpower.
 V - a ring of willpower
 X - a +4 ring of evasion
 Y - a ring of willpower
Wands
 r - a wand of mindburst (12)
 B - a wand of iceblast (4)
 M - a wand of digging (1)
 N - a wand of flame (9)
 Q - a wand of polymorph (16)
Scrolls
 a - a scroll of fog
 e - 2 scrolls of noise {unknown}
 f - 3 scrolls of amnesia
 g - a scroll of brand weapon {unknown}
 h - a scroll of silence {unknown}
 k - 2 scrolls of immolation
 w - 3 scrolls of teleportation
 C - 3 scrolls of vulnerability {unknown}
 F - 3 scrolls of magic mapping
 H - 2 scrolls of enchant weapon {unknown}
 J - a scroll of fear
 K - a scroll of blinking {unknown}
 W - a scroll of acquirement
 Z - a scroll of identify
Potions
 m - 4 potions of heal wounds
 p - 4 potions of haste
 t - 3 potions of resistance {unknown}
 v - 2 potions of lignification {unknown}
 z - a potion of invisibility {unknown}
 G - a potion of degeneration {unknown}
 I - 4 potions of brilliance {unknown}
 L - a potion of mutation {unknown}
 P - 2 potions of curing
Miscellaneous
 S - a lightning rod (4/4)


   Skills:
 + Level 9.4 Fighting
 + Level 10.6 Polearms
 - Level 5.0 Armour
 - Level 2.4 Dodging
 - Level 2.3 Stealth
 + Level 9.4 Spellcasting
 + Level 12.9 Summonings
 + Level 12.6 Air Magic
 - Level 5.0 Invocations


You had 17 spell levels left.
You knew the following spells:

 Your Spells              Type           Power      Damage    Failure   Level
a - Summon Small Mammal   Summ           100%       N/A       1%          1
b - Call Imp              Summ           53%        N/A       1%          2
c - Call Canine Familiar  Summ           53%        N/A       1%          3
d - Summon Guardian Gole  Hex/Summ       31%        N/A       1%          3
e - Summon Lightning Spi  Summ/Air       53%        N/A       1%          4

Your spell library contained the following spells:

 Spells                   Type           Power      Damage    Failure   Level
 Poisonous Vapours        Pois/Air       62%        N/A       1%          2
 Summon Ice Beast         Ice/Summ       31%        N/A       6%          4
 Animate Skeleton         Necr           16%        N/A       9%          1
 Apportation              Tloc           16%        N/A       9%          1
 Sting                    Tmut/Pois      32%        1d4       9%          1
 Ensorcelled Hibernation  Hex/Ice        16%        N/A       13%         2
 Dazzling Flash           Conj/Hex       16%        N/A       26%         3
 Frozen Ramparts          Ice            16%        1d3       26%         3
 Ozocubu's Armour         Ice            8%         N/A       26%         3
 Portal Projectile        Hex/Tloc       16%        N/A       26%         3
 Spider Form              Tmut/Pois      8%         N/A       26%         3
 Hailstorm                Conj/Ice       8%         3d4       63%         4
 Ice Form                 Ice/Tmut       8%         N/A       63%         4
 Iskenderun's Mystic Bla  Conj/Tloc      8%         2d4       63%         4
 Olgreb's Toxic Radiance  Pois           8%         N/A       63%         4
 Alistair's Intoxication  Tmut/Pois      5%         N/A       93%         5
 Blade Hands              Tmut           4%         N/A       93%         5
 Borgnjor's Vile Clutch   Necr/Erth      4%         N/A       93%         5
 Excruciating Wounds      Necr           4%         N/A       93%         5
 Fireball                 Conj/Fire      4%         3d4       93%         5
 Metabolic Englaciation   Hex/Ice        4%         N/A       93%         5
 Spellforged Servitor     Conj/Summ      15%        N/A       99%         7
 Eringya's Noxious Bog    Tmut/Pois      4%         N/A       100%        6
 Simulacrum               Ice/Necr       4%         N/A       100%        6
 Starburst                Conj/Fire      4%         6d3       100%        6
 Orb of Destruction       Conj           4%         9d2       100%        7
 Ignition                 Fire           4%         3d4       100%        8


Dungeon Overview and Level Annotations

Branches:
Dungeon (14/15)            Temple (1/1) D:5            Lair (0/6) D:11
    Orc (0/2) D:11         Vaults (0/5) D:13          Sewer (visited)

Altars:
Ashenzari
Cheibriados
Dithmenos
Elyvilon
Fedhas
Gozag
Hepliaklqana
Kikubaaqudgha
Makhleb
Nemelex Xobeh
Okawaru
Qazlal
Ru
Sif Muna
Trog
Uskayaw
Vehumet
Wu Jian
Xom
Yredelemnul
Zin
The Shining One

Shops:
D:1 !   D:4 (   D:6 [

Annotations:
D:6 exclusion: downstairs
D:14 Jorgrun


Innate Abilities, Weirdness & Mutations

You have a beak for a mouth.
You have claws for feet.
Your magical nature lets you fly swiftly and evasively.


Message History

The grasping roots constrict your lightning spire.
The wraith hits your lightning spire but does no damage.
You slash the wraith!
You destroy the wraith!
Makhleb accepts your kill.
You feel better.
The grasping roots constrict your lightning spire!
Your lightning spire shoots out a bolt of lightning at Jorgrun!
The bolt of electricity hits Jorgrun!
Jorgrun points next to you and mumbles some strange words.
The wall shatters!
The blast of rock fragments hits you!
The grasping roots constrict your lightning spire.
Jorgrun points at your lightning spire and mumbles some strange words.
The iron shot hits your lightning spire!!
Your lightning spire is destroyed!
Your lightning spire disappears in a puff of smoke!
You miss Jorgrun.
Jorgrun shouts!
Your peck misses Jorgrun.
Jorgrun is severely wounded.
Jorgrun barely misses you. Jorgrun hits you with a staff of earth!
Jorgrun shatters you!!
* * * LOW HITPOINT WARNING * * *
It was a potion of magic.
Magic courses through your body. Jorgrun gestures at you while chanting.
You are slowing down.
Unknown command.
Unknown command.
Casting: Summon Lightning Spire (safe; 1% risk of failure)
Confirm with . or Enter, or press ? or * to list all spells.
An electric hum fills the air.
Jorgrun casts a spell at you.
Roots burst forth from the earth!
The grasping roots grab you! The grasping roots constrict you!
* * * LOW HITPOINT WARNING * * *
Jorgrun hits you with a staff of earth!
* * * LOW HITPOINT WARNING * * *
Jorgrun shatters you!!
You die...

* #.#...#,#.# #......#### *
#.#.###.#.# #......# *
#...#.....# ##'.#### ######..###
#...(# *** #.......# .###)### ,,*
*##.......# .##.....#### ,,*
****.........##.# #.....##.. ,,*
*,,,,#......g..####.....'..#
,,****,***#.....@......'..†..####
,,+,,,,* #...8...######...[.#
,,****** #.......# #.....# ,,*
######### #.....# ,,* #.....# ***
#######


You could see Jorgrun (ally target) and a friendly lightning spire (summoned).

Vanquished Creatures
  Josephine (D:10)
  2 boulder beetles
  2 two-headed ogres
  Pikel (D:8)
  A cyclops (D:13)
  3 gargoyles (D:7)
  An unseen horror (D:12)
  2 trolls
  A slime creature (D:9)
  A centaur simulacrum (D:11)
  Sigmund (D:3)
  A spriggan (shapeshifter) (D:14)
  3 wraiths
  2 basilisks
  A steam dragon (D:8)
  4 humans (D:13)
  Menkaure (D:7)
  A vampire mosquito (D:11)
  Duvessa (D:7)
  4 water moccasins
  2 orc warriors
  2 ice beasts (D:7)
  A necrophage (D:5)
  A wolf (D:9)
  4 centaurs
  4 ogres
  A phantom (D:4)
  A kobold brigand (Sewer)
  2 bullfrogs
  A water moccasin skeleton (D:4)
  3 howler monkeys
  2 hounds (D:5)
  A jelly (D:5)
  4 orc priests
  A centaur skeleton (D:4)
  2 iguanas
  2 scorpion zombies (D:5)
  3 orc wizards
  A hound skeleton (D:4)
  2 gnolls
  4 adders (D:5)
  A howler monkey skeleton (D:7)
  A river rat (Sewer)
  A shadow imp (D:5)
  A white imp (D:7)
  An ufetubus (D:6)
  2 worms
  7 orcs
  2 bat skeletons (D:11)
  2 bat zombies (D:11)
  4 endoplasms
  4 giant cockroaches
  A hobgoblin (D:4)
  3 kobolds
  7 quokkas
  A ball python (D:4)
  3 bats
  2 frilled lizards
  3 goblins
  2 rats
126 creatures vanquished.

Vanquished Creatures (collateral kills)
  2 vault guards (D:13)
  A centaur warrior (D:14)
  A hydra (D:14)
  2 two-headed ogres
  2 wizards (D:13)
  A necromancer (D:13)
  2 deep elf pyromancers
  A manticore (D:13)
  2 cyclopes
  Maurice (D:9)
  2 gargoyles (D:7)
  The ghost of hemabe71 the Charlatan, a novice HuAr (D:5)
  An efreet (D:14)
  2 komodo dragons (D:11)
  5 trolls
  A hornet (D:13)
  A vampire (D:12)
  4 wraiths
  3 shadows
  8 humans (D:13)
  6 vampire mosquitoes (D:11)
  Grum (D:9)
  2 steam dragons
  An acid dragon (D:12)
  7 orc warriors
  A sky beast (D:8)
  2 black bears
  An ice beast (D:7)
  A necrophage (D:4)
  An ogre (D:5)
  2 wolves (D:9)
  13 centaurs
  A phantom (D:4)
  A kobold brigand (D:9)
  A bullfrog (D:7)
  2 scorpions (D:4)
  Dowan (D:7)
  2 killer bees (D:8)
  5 howler monkeys
  A vampire bat (D:11)
  2 centaur zombies
  A bullfrog zombie (D:7)
  A jelly (D:5)
  A bullfrog skeleton (D:7)
  5 orc priests
  An iguana (D:5)
  9 orc wizards
  A hound skeleton (D:5)
  A hound zombie (D:5)
  6 adders
  3 gnolls
  A river rat (Sewer)
  A shadow imp (D:5)
  An adder skeleton (D:4)
  A worm (D:4)
  3 dart slugs
  23 orcs
  2 ball pythons
  A bat (D:2)
  2 bat zombies (D:11)
  An endoplasm (D:4)
  A giant cockroach (D:1)
  3 goblins
  3 hobgoblins
  8 jackals
  13 kobolds
  3 quokkas
  3 frilled lizards
  8 rats
204 creatures vanquished.

Vanquished Creatures (others)
  Harold (D:8)
  A two-headed ogre (D:14)
  A centaur warrior (D:13)
  A necromancer (D:13)
  A manticore (D:9)
  A wraith (D:12)
  A steam dragon (D:6)
  4 humans (D:13)
  2 orc warriors
  A wolf (D:9)
  A centaur (D:12)
  3 killer bees (D:8)
  A white imp (D:8)
  An orc (D:6)
  8 fungi (D:6)
  10 plants (D:11)
  2 withered plants (D:5)
40 creatures vanquished.

Grand Total: 370 creatures vanquished

Notes
Turn   | Place    | Note
-------+----------+-------------------------------------------
     0 | D:1      | DoubleLucky the Tengu Summoner began the quest for the Orb.
     0 | D:1      | Reached XP level 1. HP: 10/10 MP: 4/4
   288 | D:1      | Reached skill level 5 in Summonings
   288 | D:1      | Reached XP level 2. HP: 15/15 MP: 0/6
   295 | D:1      | Learned a level 2 spell: Call Imp
   451 | D:1      | Found Marig's Distillery.
   992 | D:1      | Reached XP level 3. HP: 19/19 MP: 4/7
  1308 | D:2      | Learned a level 3 spell: Call Canine Familiar
  1432 | D:2      | Reached skill level 1 in Air Magic
  1535 | D:2      | Reached XP level 4. HP: 24/24 MP: 7/9
  2422 | D:3      | Identified 2 scrolls of acquirement
  2422 | D:3      | Acquired the amulet "Hetefeg" {Reflect Slay+2 SH+5}
  2690 | D:3      | Noticed Sigmund
  3312 | D:3      | Found a shimmering altar of Xom.
  3392 | D:3      | Acquired the +3 glaive "Juaneddi" {venom, rN++}
  3407 | D:4      | Gained mutation: Your magical nature lets you fly swiftly
                  | and evasively. [Tengu growth]
  3407 | D:4      | Reached XP level 5. HP: 28/28 MP: 7/10
  3430 | D:4      | Noticed a black bear
  3440 | D:4      | Killed a black bear
  3441 | D:4      | Reached skill level 1 in Fighting
  3441 | D:4      | Reached skill level 1 in Polearms
  3441 | D:4      | Reached XP level 6. HP: 34/34 MP: 10/12
  3474 | D:4      | Found a broken altar of Ashenzari.
  3534 | D:4      | Found a glowing drain.
  3551 | Sewer    | Entered a sewer
  4013 | Sewer    | Found a white marble altar of Elyvilon.
  4369 | D:4      | Reached XP level 7. HP: 32/40 MP: 6/13
  4373 | D:4      | Learned a level 3 spell: Summon Guardian Golem
  4378 | D:4      | Learned a level 4 spell: Summon Lightning Spire
  4604 | D:4      | Found Nithexuw's Antique Weapon Shoppe.
  5110 | D:5      | Entered Level 5 of the Dungeon
  5190 | D:5      | Found a staircase to the Ecumenical Temple.
  5208 | Temple   | Entered the Ecumenical Temple
  5338 | Temple   | Became a worshipper of Makhleb the Destroyer
  5386 | D:5      | Reached skill level 5 in Air Magic
  5386 | D:5      | Reached XP level 8. HP: 44/44 MP: 8/15
  5847 | D:5      | Acquired the ring of Twilight {rC+ Will+}
  6123 | D:5      | Reached skill level 5 in Spellcasting
  6164 | D:5      | Identified the +8 scimitar of the End of Times {vamp, Will-
                  | Int+2 SInv}
  6569 | D:6      | Reached skill level 5 in Polearms
  6569 | D:6      | Reached skill level 1 in Armour
  6569 | D:6      | Reached XP level 9. HP: 34/52 MP: 10/17
  6680 | D:6      | Found a blossoming altar of Fedhas.
  6881 | D:6      | Found a bloodstained altar of Trog.
  7317 | D:6      | Found Nainiuw's Antique Armour Emporium.
  7352 | D:6      | Reached * piety under Makhleb
  7364 | D:6      | Bought a glowing cloak for 210 gold pieces
  7717 | D:5      | Found a runed translucent door.
  7720 | D:5      | Noticed hemabe71's ghost (novice HuAr)
  8073 | D:5      | Killed hemabe71's ghost
  8446 | D:3      | Killed Sigmund
  8826 | D:7      | Noticed Dowan
  8885 | D:7      | Reached XP level 10. HP: 58/58 MP: 10/20
  9006 | D:7      | Reached skill level 5 in Fighting
  9058 | D:7      | Noticed Menkaure
  9064 | D:7      | Killed Menkaure
  9209 | D:7      | Killed Dowan
  9239 | D:7      | Noticed Duvessa
  9242 | D:7      | Noticed a gargoyle
  9261 | D:7      | Killed Duvessa
  9477 | D:7      | Noticed a gargoyle
  9487 | D:7      | Killed a gargoyle
  9586 | D:7      | Noticed a gargoyle
  9596 | D:7      | Killed a gargoyle
  9795 | D:7      | Noticed a gargoyle
  9806 | D:7      | Killed a gargoyle
 10027 | D:7      | Found a snail-covered altar of Cheibriados.
 10042 | D:7      | Noticed a gargoyle
 10051 | D:7      | Killed a gargoyle
 10130 | D:7      | Found a hide-covered altar of Uskayaw.
 10187 | D:7      | Killed a gargoyle
 10188 | D:7      | Reached skill level 5 in Armour
 10628 | D:8      | Reached ** piety under Makhleb
 10730 | D:8      | Noticed Harold
 10740 | D:8      | Reached skill level 10 in Summonings
 10757 | D:8      | Killed Harold
 10758 | D:8      | Reached XP level 11. HP: 9/65 MP: 2/22
 11311 | D:8      | Noticed a two-headed ogre
 11567 | D:8      | Found a sacrificial altar of Ru.
 11824 | D:8      | Noticed Pikel
 11882 | D:8      | Killed Pikel
 12303 | D:8      | Killed a two-headed ogre
 12304 | D:8      | Reached skill level 1 in Invocations
 12525 | D:9      | Noticed a manticore
 12553 | D:9      | Noticed a two-headed ogre
 12562 | D:9      | Found a glowing golden altar of the Shining One.
 12716 | D:9      | Killed a manticore
 12775 | D:9      | Noticed a boulder beetle
 12796 | D:9      | Killed a boulder beetle
 12833 | D:9      | Reached skill level 10 in Air Magic
 12936 | D:9      | Noticed Grum
 12944 | D:9      | Killed Grum
 12944 | D:9      | Reached *** piety under Makhleb
 12945 | D:9      | Noticed Maurice
 12962 | D:9      | Killed Maurice
 13353 | D:9      | Identified the ring "Lycludics" {rPois rC+ Will- AC+4
                  | Dex+8}
 13366 | D:9      | Acquired 732 gold pieces
 13453 | D:10     | Entered Level 10 of the Dungeon
 13510 | D:10     | Noticed Josephine
 13532 | D:10     | Killed Josephine
 13841 | D:10     | Reached XP level 12. HP: 72/72 MP: 24/24
 13957 | D:10     | Found an iron altar of Okawaru.
 14683 | D:11     | Noticed a boulder beetle
 14697 | D:11     | Killed a boulder beetle
 15047 | D:11     | Identified the +3 ring mail of Kiosk {-Cast +Inv rC+ rN+++}
 15094 | D:11     | Found a staircase to the Lair.
 15113 | D:11     | Reached **** piety under Makhleb
 15289 | D:11     | Noticed a two-headed ogre
 15324 | D:11     | Killed a two-headed ogre
 15386 | D:11     | You are sucked into a shaft and drop 3 floors!
 15652 | D:13     | Noticed a centaur warrior
 15679 | D:14     | Noticed a five-headed hydra
 15686 | D:14     | Killed a five-headed hydra
 15745 | D:14     | Noticed a centaur warrior
 15780 | D:14     | Killed a centaur warrior
 16963 | D:11     | Found an ancient bone altar of Kikubaaqudgha.
 17039 | D:11     | Found a staircase to the Orcish Mines.
 17403 | D:12     | Noticed a two-headed ogre
 17426 | D:12     | Killed a two-headed ogre
 18009 | D:12     | Reached XP level 13. HP: 79/79 MP: 25/26
 18527 | D:13     | Reached skill level 5 in Invocations
 18549 | D:13     | Reached ***** piety under Makhleb
 18550 | D:13     | Reached skill level 10 in Polearms
 18829 | D:13     | Noticed a vault guard
 18836 | D:13     | Killed a vault guard
 18934 | D:13     | Noticed a vault guard
 18946 | D:13     | Killed a vault guard
 19071 | D:13     | Found a gate to the Vaults.
 20232 | D:14     | Noticed Jorgrun
 20254 | D:14     | Slain by Jorgrun

Illustrated notes

Levels and vault maps discovered:
D:1:      eino_arrival_cavern_b, layout_loops_corners, serial_shops, shop,
          moated_statue
D:2:      layout_basic, due_unseen_surprise
D:3:      wander_river, layout_basic, general_overflow_altar,
          chequers_serial_rivers_micro_e, uniq_sigmund
D:4:      layout_basic, mainiacjoe_overflow_small_starburst,
          gup_sewer_entry_pipe, serial_shops, nicolae_lakefront_shop,
          hangedman_abyss_or_decor_passed, minmay_checkerbox
D:5:      minmay_octagon_keep, layout_basic, minmay_temple_entry_offerings,
          gammafunk_ghost_grave
D:6:      kennysheep_steamy, layout_cave_pools, bloody_trog,
          kennysheep_mini_moat, minmay_shop_grid_forest, minivault_26
D:7:      cheibrodos_statue_roulette, layout_loops_ring,
          eat_drink_and_be_merry_uskayaw, kennysheep_slug_shrine, uniq_duvessa,
          uniq_menkaure
D:8:      layout_loops_ring, nicolae_ru_awakened_eye,
          chequers_serial_rivers_marsh, uniq_harold, uniq_pikel
D:9:      layout_big_octagon, nicolae_tso_swordbearing_angel,
          minmay_diamond_spiral, uniq_maurice, uniq_grum
D:10:     layout_basic, okawaru_altar_gauntlet_db, uniq_josephine
D:11:     layout_gridville, david_lair_shrubbed, orc_0_dummy, serial_rivers,
          chequers_serial_rivers_small_3, chequers_serial_rivers_large_b,
          chequers_serial_rivers_room_a, chequers_serial_rivers_room_b,
          chequers_serial_rivers_small_b, chequers_serial_rivers_room_b,
          kennysheep_vampire_church
D:12:     layout_long_grid, gauntlet_entry_generic
D:13:     layout_rooms, grunt_vaults_entry_tiered
D:14:     layout_roguey, uniq_jorgrun
Temple:   dshaligram_water_room_temple

Skill      XL: |  1  2  3  4  5  6  7  8  9 10 11 12 13 |
---------------+----------------------------------------+-----
Summonings     | 5 6 7 8 10 11 12 | 12.9
Air Magic      | 1 2 3 4 5 6 7 9 10 11 12 | 12.6
Spellcasting   | 3 4 5 6 7 8 9 |  9.4
Fighting       | 1 2 3 4 6 7 8 9 |  9.4
Polearms       | 1 2 3 5 6 7 8 9 10 | 10.6
Armour         | 1 3 5 |  5.0
Invocations    | 2 4 5 |  5.0
Dodging        | |  2.4
Stealth        | |  2.3

Action                   |  1- 3 |  4- 6 |  7- 9 | 10-12 | 13-15 || total
-------------------------+-------+-------+-------+-------+-------++-------
Melee: Unarmed           |     5 |       |       |       |       ||     5
       Kick              |     3 |     9 |     9 |    23 |    10 ||    54
       Peck              |     3 |     8 |    10 |    13 |     7 ||    41
       Club              |    16 |       |       |       |       ||    16
       Dagger            |     7 |    29 |       |       |       ||    36
       Glaive            |       |    22 |   116 |   157 |    44 ||   339
       Whip              |       |     9 |       |       |       ||     9
       Scimitar          |       |       |       |     2 |     4 ||     6
 Cast: Summon Small Mamm |    20 |    13 |    22 |    24 |     2 ||    81
       Call Imp          |    12 |    22 |    31 |    44 |     2 ||   111
       Call Canine Famil |       |     7 |    40 |    78 |    20 ||   145
       Summon Lightning  |       |       |       |    58 |    19 ||    77
       Summon Guardian G |       |       |       |    13 |    14 ||    27
Invok: Minor Destruction |       |       |       |     1 |       ||     1
  Use: Scroll            |       |     4 |     4 |    13 |       ||    21
       Potion            |       |     2 |       |     4 |     1 ||     7
 Stab: Sleeping          |     2 |     3 |     1 |     6 |       ||    12
       Distracted        |       |       |     2 |     1 |       ||     3
Armor: Robe              |     5 |       |       |       |       ||     5
       Leather armour    |     4 |     7 |    20 |     7 |       ||    38
       Steam dragon scal |       |       |       |    21 |    23 ||    44
Dodge: Dodged            |    20 |    33 |    51 |    95 |    27 ||   226
Block: Other             |       |     8 |    16 |    46 |     8 ||    78
       Reflection        |       |     4 |       |    12 |     4 ||    20

Table legend: (Time is in decaauts)
 A = Elapsed time spent in this place.
 B = Non-inter-level travel time spent in this place.
 C = Inter-level travel time spent in this place.
 D = Time resting spent in this place.
 E = Time spent auto-exploring this place.
 F = Levels seen in this place.
 G = Mean time per level.
                   A        B        C        D        E       F      G
               +--------+--------+--------+--------+--------+-----+--------+
         Total |  19581 |  18621 |    960 |   4305 |   8761 |  16 | 1223.8 |
       Dungeon |  18967 |  18011 |    956 |   4011 |   8693 |  14 | 1354.8 |
        Temple |    129 |    126 |      3 |      0 |     57 |   1 |  129.0 |
         Sewer |    485 |    485 |      0 |    294 |     10 |   1 |  485.0 |
               +--------+--------+--------+--------+--------+-----+--------+

Top non-repeatable levels by time:
     D:5: 1896 daAuts
     D:8: 1830 daAuts
     D:7: 1546 daAuts
    D:14: 1426 daAuts
    D:11: 1403 daAuts
     D:1: 1339 daAuts
     D:3: 1336 daAuts
     D:4: 1255 daAuts
    D:10: 1219 daAuts
    D:12: 1199 daAuts
     D:6: 1197 daAuts
     D:2: 1191 daAuts
     D:9: 1116 daAuts
    D:13: 1008 daAuts
   Sewer: 485 daAuts
